 Dungeon Crawl Stone Soup version 0.31-a0-1111-ga3525b893c (webtiles) character file.

Game seed: 18263693448435483883

2898 kae the Sneak (level 9, -1/66 HPs)
             Began as a Demonspawn Enchanter on Dec 3, 2023.
             Was a Priest of Dithmenos.
             Slain by an orc warrior
             ... wielding a +0 trident
              (5 damage)
             ... on level 9 of the Dungeon.
             The game lasted 00:15:39 (7977 turns).

kae the Sneak (Demonspawn Enchanter)                Turns: 7977, Time: 00:15:40

Health: -1/66      AC:  5    Str:  8    XL:     9   Next: 49%
Magic:  13/15      EV: 12    Int: 23    God:    Dithmenos [***...]
Gold:   496        SH:  0    Dex: 19    Spells: 12/17 levels left

rFire   . . .        y - +2 short sword (elec)
rCold   . . .        (no shield)
rNeg    . . .        b - +1 robe
rPois   .            q - +0 helmet
rElec   .            z - scarf {+Inv}
rCorr   .            (no gloves)
SInv    .            j - +0 pair of boots
Will    .....        (no amulet)
Stlth   ++++++       I - +6 ring of intelligence
HPRegen 0.31/turn    (no ring)
MPRegen 0.14/turn

%: no passive effects
@: wreathed by umbra
A: thin skeletal structure 1, ignite blood 1, spiny 2, demonic touch 2
a: Renounce Religion, Evoke Invisibility, Shadow Step


You were on level 9 of the Dungeon.
You worshipped Dithmenos.
Dithmenos was most pleased with you.
You visited 2 branches of the dungeon, and saw 10 of its levels.

You collected 496 gold pieces.


Innate Abilities, Weirdness & Mutations

You have a somewhat thin skeletal structure. (Dex +2, Stealth+)
Your demonic aura sometimes causes spilled blood to erupt in flames.
You are mostly covered in sharp spines.
Your touch may inflict irresistible damage on your foes.


   Skills:
 + Level 4.4 Fighting
 * Level 5.8 Short Blades
 - Level 1.7 Dodging
 * Level 6.8 Stealth
 + Level 4.5 Spellcasting
 + Level 5.2 Hexes
 - Level 5.0 Ice Magic


You had 12 spell levels left.
You knew the following spells:

 Your Spells              Type           Power      Damage    Failure   Level
a - Ensorcelled Hibernat  Hex/Ice        56%        N/A       1%          2
b - Confusing Touch       Hex            29%        N/A       3%          3

Your spell library contained the following spells:

 Spells                   Type           Power      Damage    Failure   Level
 Jinxbite                 Hex            58%        N/A       1%          2
 Tukima's Dance           Hex            29%        N/A       3%          3
 Apportation              Tloc           10%        N/A       10%         1
 Foxfire                  Conj/Fire      20%        2x1d5     10%         1
 Magic Dart               Conj           20%        1d4       10%         1
 Sandblast                Erth           10%        2d5       10%         1
 Summon Small Mammal      Summ           20%        N/A       10%         1
 Dazzling Flash           Conj/Hex       34%        N/A       10%         3
 Summon Guardian Golem    Hex/Summ       17%        N/A       10%         3
 Call Imp                 Summ           10%        N/A       16%         2
 Passwall                 Tmut/Erth      4%         N/A       16%         2
 Sublimation of Blood     Necr           5%         N/A       16%         2
 Call Canine Familiar     Summ           5%         N/A       30%         3
 Mephitic Cloud           Conj/Pois/Air  5%         N/A       30%         3
 Stone Arrow              Conj/Erth      10%        3d7       30%         3
 Anguish                  Hex/Necr       8%         N/A       32%         4
 Brom's Barrelling Bould  Conj/Erth      5%         2d3       69%         4
 Petrify                  Tmut/Erth      5%         N/A       69%         4
 Alistair's Intoxication  Tmut/Pois      3%         N/A       95%         5
 Irradiate                Conj/Tmut      2%         3d12      95%         5
 Plasma Beam              Fire/Air       2%         2x1d12    100%        6
 Starburst                Conj/Fire      2%         6d3       100%        6

Inventory:

Hand Weapons
 a - a +1 dagger of flaming
 y - a +2 short sword of electrocution (weapon)
   (You took it off a kobold on level 4 of the Dungeon)
Missiles
 f - 92 stones
 x - 11 poisoned darts
 B - 6 curare-tipped darts {=f}
 D - 6 datura-tipped darts
 G - 3 throwing nets {=f!f}
Armour
 b - a +1 robe (worn)
 j - a +0 pair of boots (worn)
   (You found it on level 2 of the Dungeon)
 q - a +0 helmet (worn)
   (You found it on level 2 of the Dungeon)
 z - a scarf of invisibility (worn)
   (You found it on level 4 of the Dungeon)
Magical Staves
 u - a staff of death {!a}
   (You found it on level 3 of the Dungeon)
 J - a staff of poison {!a}
   (You found it on level 7 of the Dungeon)
Jewellery
 C - a ring of ice
   (You found it on level 6 of the Dungeon)
 F - a ring of protection from fire
   (You found it on level 6 of the Dungeon)
 I - a +6 ring of intelligence (left hand)
   (You found it on level 3 of the Dungeon)
 L - a ring of flight
   (You found it on level 5 of the Dungeon)
 W - a ring of magical power
   (You found it on level 6 of the Dungeon)
Wands
 n - a wand of acid (16)
   (You found it on level 2 of the Dungeon)
 p - a wand of flame (44)
   (You took it off Jessica on level 2 of the Dungeon)
 H - a wand of charming (10)
   (You found it on level 8 of the Dungeon)
Scrolls
 d - a scroll of amnesia
 e - 5 scrolls of teleportation {@r4}
 s - 2 scrolls of blinking {!r}
Potions
 c - a potion of invisibility
 g - 6 potions of curing {unknown}
 i - a potion of mutation {!q}
 k - 3 potions of lignification {unknown}
 l - 2 potions of cancellation
 m - a potion of magic {unknown}
 o - 3 potions of brilliance
 r - 2 potions of might {unknown}
 t - a potion of attraction {unknown}
 w - 2 potions of haste {unknown}
 A - a potion of ambrosia
 E - 2 potions of enlightenment {unknown}
 K - 2 potions of berserk rage {unknown}

Dungeon Overview and Level Annotations

Branches:
Dungeon (9/15) Zot: 26614  Temple (1/1) D:4 Zot: 5959
   Lair: D:8-11         Orc: D:9-12

Altars:
Ashenzari
Cheibriados
Dithmenos
Fedhas
Gozag
Hepliaklqana
Kikubaaqudgha
Makhleb
Nemelex Xobeh
Okawaru
Qazlal
Ru
Sif Muna
Trog
Uskayaw
Vehumet
Wu Jian
Xom
Yredelemnul

Annotations:
D:4 1 runed translucent door, JaaP's ghost, amateur AtFi
D:6 Dowan; Duvessa
D:7 Maurice
D:8 2 runed translucent doors, JaaP's ghost, novice AtFi

.......##.......... ....
#.................# ....
#.......#.........#
.....#..................
.....#..................
................?...T...
................<...y...
...(...○o)..........<...
.?.....@K))............#
>.....))T.............##
..............#.####....
..............#..# ###..
..............## . ..
...(.........## ..
.....##.....## .. .....
.......


You could see a troll, an orc warrior and a kobold brigand.


Message History

Dithmenos accepts your kill. The kobold barely misses you.
The kobold brigand barely misses you. 😕 HP[-1]
You take 1 damage, and now have 62/66 hp.
Unknown command.
You closely miss the kobold brigand.
You feel sick.
You are no longer poisoned.
The killer bee is struck by your spines.
The killer bee stings you. 😕 HP[-5]
You take 5 damage, and now have 57/66 hp.
You hit the killer bee.
Lightning courses through the killer bee!!
You kill the killer bee!
Dithmenos accepts your kill.
You will now sometimes bleed smoke when heavily injured by enemies.
The kobold throws a poisoned dart.
The poisoned dart hits you!
You are poisoned.
The kobold brigand hits you with a +0 club.
The kobold closely misses you. 😕 HP[-2]
You take 2 damage, and now have 55/66 hp.
You're too confused to move!
You feel very sick.
The kobold brigand is struck by your spines.
The kobold brigand barely misses you. The kobold is struck by your spines.
You kill the kobold!
Dithmenos accepts your kill. The orc closely misses you. 😕 HP[-2]
You take 2 damage, and now have 53/66 hp.
You feel sick. The kobold is struck by your spines.
You kill the kobold!
Dithmenos accepts your kill.
Things that are here:
a +0 dagger; 4 poisoned darts; a kobold corpse 😕 HP[-1]
You take 1 damage, and now have 52/66 hp.
You're too confused to cast spells.
Unknown command.
You feel sick.
The kobold brigand attacks as it pursues you!
The kobold brigand misses you. The orc attacks as it pursues you!
The orc barely misses you. 😕 HP[-2]
You take 2 damage, and now have 50/66 hp.
Unknown command.
You feel less confused.
You feel sick. The kobold brigand closely misses you.
Unknown command.
Casting: Ensorcelled Hibernation (safe; 1% risk of failure)
Confirm with . or Enter, or press ? or * to list all spells.
Aiming: Ensorcelled Hibernation (safe; 1% risk of failure)
Press: ? - help, Shift-Dir - straight line, f - orc
Aim: an orc, wielding a +0 hand axe, wearing a +0 leather armour and quivering boomerangs (umbra, chance to affect: 75%)
The orc looks drowsy...
You feel sick.
The orc warrior hits you from afar with a +0 trident!
The kobold brigand hits you with a +0 club. 😮 HP[-14] MP[-2]
You take 14 damage, and now have 36/66 hp.
MASSIVE DAMAGE!! (PAUSE)
You lost 2 mp, and now have 13/15 mp.
The helpless orc fails to defend itself.
You stick the orc like a pincushion!!! Lightning courses through the orc!
You kill the orc!
Dithmenos accepts your kill.
You feel sick.
The kobold brigand is struck by your spines.
The kobold brigand hits you with a +0 club.
* * * LOW HITPOINT WARNING * * *
The orc warrior misses you. 😨 HP[-7]
You take 7 damage, and now have 29/66 hp.
You feel sick.
The kobold brigand hits you with a +0 club.
* * * LOW HITPOINT WARNING * * *
The orc warrior hits you with a +0 trident.
* * * LOW HITPOINT WARNING * * *
Things that are here:
a +0 dagger; 4 poisoned darts; a kobold corpse 😨 HP[-6]
You take 6 damage, and now have 23/66 hp.
You feel sick.
You are no longer poisoned.
The orc warrior hits you with a +0 trident!
* * * LOW HITPOINT WARNING * * *
The kobold brigand is struck by your spines.
The kobold brigand misses you. 😱 HP[-11]
You take 11 damage, and now have 12/66 hp.
The orc warrior hits you with a +0 trident!
* * * LOW HITPOINT WARNING * * *
There is a stone staircase leading up, spattered with blood here. 😱 HP[-8]
You take 8 damage, and now have 4/66 hp.
The kobold brigand is struck by your spines.
The kobold brigand completely misses you.
The orc warrior is struck by your spines.
The orc warrior hits you with a +0 trident.
You die...

Skill      XL: |  1  2  3  4  5  6  7  8  9 |
---------------+----------------------------+-----
Short Blades   | 1 2 3 4 5 |  5.8
Stealth        | 3 4 5 6 |  6.8
Fighting       | 1 2 3 4 |  4.4
Ice Magic      | 1 2 3 4 5 |  5.0
Spellcasting   | 3 4 |  4.5
Hexes          | 4 5 |  5.2
Dodging        | |  1.7

Action                     |  1- 3 |  4- 6 |  7- 9 || total
---------------------------+-------+-------+-------++-------
  Melee: Dagger            |    83 |    78 |       ||   161
         Punch             |       |     1 |     3 ||     4
         Short sword       |       |    49 |   156 ||   205
         Touch             |       |     6 |    22 ||    28
   Cast: Ensorcelled Hiber |     2 |    18 |    21 ||    41
         Confusing Touch   |       |       |     4 ||     4
    Use: Scroll            |     2 |     6 |     9 ||    17
         Potion            |       |       |     1 ||     1
   Stab: Sleeping          |     9 |    28 |    34 ||    71
         Confused          |       |       |     1 ||     1
         Invisible         |       |       |     2 ||     2
 Armour: Robe              |    31 |    61 |    85 ||   177
  Dodge: Dodged            |    36 |    56 |   102 ||   194

Levels and vault maps discovered:
D:1:      dpeg_arrival_prison, layout_loops_ring, chequers_serial_rivers_small_a
D:2:      layout_rooms, hellmonk_ecumenical_altar_watching_god, basic_altar,
          minmay_door_square, uniq_jessica
D:3:      layout_rooms, saegor_snake_ambush
D:4:      layout_cave_pods, minmay_temple_entry_nine_rooms,
          ebering_ghost_reflecting_pool
D:5:      layout_basic, mainiacjoe_overflow_catch_the_wave
D:6:      cheibrodos_helix_gallery, layout_rooms,
          mainiacjoe_overflow_surrounded_room, uniq_duvessa, uniq_prince_ribbit1
D:7:      layout_basic, mainiacjoe_overflow_paths, uniq_maurice
D:8:      layout_cave_pods, ebering_ghost_disaster_area, feat_on_display
D:9:      layout_rooms, lair_entry_dummy, nicolae_zig_zag_zippers
Temple:   regret_index_temple_chain_breaker

Notes
Turn   | Place    | Note
-------+----------+-------------------------------------------
     0 | D:1      | kae the Demonspawn Enchanter began the quest for the Orb.
     0 | D:1      | Reached XP level 1. HP: 13/13 MP: 3/3
     0 | D:1      | magus.rc [v1.11.3]
    49 | D:1      | Reached skill level 1 in Short Blades
   210 | D:1      | Gained mutation: You are partially covered in sharp spines.
                  | [demonic ancestry]
   210 | D:1      | Reached XP level 2. HP: 12/20 MP: 5/5
   487 | D:1      | Learned a level 2 spell: Ensorcelled Hibernation
   530 | D:1      | Reached skill level 3 in Stealth
   820 | D:1      | Gained mutation: You are mostly covered in sharp spines.
                  | [demonic ancestry]
   820 | D:1      | Reached XP level 3. HP: 25/25 MP: 6/6
   824 | D:1      | Learned a level 3 spell: Confusing Touch
   975 | D:2      | Found a sacrificial altar of Ru.
  1057 | D:2      | Reached skill level 1 in Fighting
  1108 | D:2      | You pick up a book of Alchemy and begin reading...
  1108 | D:2      | You add the spells Sublimation of Blood, Petrify and
                  | Irradiate to your library.
  1140 | D:2      | Noticed Jessica
  1147 | D:2      | Killed Jessica
  1148 | D:2      | Reached XP level 4. HP: 32/32 MP: 7/7
  1286 | D:2      | Noticed a glass eye
  1295 | D:2      | Found a faded altar of an unknown god.
  1297 | D:2      | Noticed an eye of devastation
  1297 | D:2      | Noticed an eye of devastation
  1297 | D:2      | Noticed an eye of devastation
  1386 | D:2      | Reached skill level 1 in Ice Magic
  1669 | D:3      | Reached skill level 2 in Short Blades
  1927 | D:3      | Gained mutation: You have a somewhat thin skeletal
                  | structure. (Dex +2, Stealth+) [demonic ancestry]
  1927 | D:3      | Reached XP level 5. HP: 33/37 MP: 1/8
  2899 | D:4      | You pick up a book of Fire and begin reading...
  2899 | D:4      | You add the spells Foxfire, Plasma Beam and Starburst to
                  | your library.
  3084 | D:4      | You pick up a book of Callings and begin reading...
  3084 | D:4      | You add the spells Summon Small Mammal, Call Canine
                  | Familiar and Summon Guardian Golem to your library.
  3351 | D:4      | You pick up a book of Dreams and begin reading...
  3351 | D:4      | You add the spells Jinxbite and Anguish to your library.
  3373 | D:4      | Reached skill level 2 in Ice Magic
  3373 | D:4      | Gained mutation: Your touch may inflict minor irresistible
                  | damage on your foes. [demonic ancestry]
  3373 | D:4      | Reached XP level 6. HP: 44/44 MP: 10/10
  3424 | D:4      | Found a runed translucent door.
  3429 | D:4      | Noticed JaaP's ghost (amateur AtFi)
  3474 | D:4      | Found a staircase to the Ecumenical Temple.
  3480 | Temple   | Entered the Ecumenical Temple
  3500 | Temple   | Became a worshipper of Dithmenos the Shadowed
  3819 | D:5      | Entered Level 5 of the Dungeon
  3859 | D:5      | Reached skill level 2 in Fighting
  3884 | D:5      | Reached skill level 4 in Stealth
  3910 | D:5      | Reached skill level 3 in Short Blades
  4215 | D:5      | Found an iron altar of Okawaru.
  4215 | D:5      | Found a burning altar of Makhleb.
  4399 | D:5      | Noticed a water moccasin
  4409 | D:5      | Killed a water moccasin
  4410 | D:5      | Reached skill level 3 in Spellcasting
  4410 | D:5      | Gained mutation: Your demonic aura sometimes causes spilled
                  | blood to erupt in flames. [demonic ancestry]
  4410 | D:5      | Reached XP level 7. HP: 27/51 MP: 6/11
  4419 | D:5      | HP: 12/51 [poisoned by a water moccasin]
  4847 | D:6      | Reached * piety under Dithmenos
  4848 | D:6      | Reached skill level 4 in Hexes
  4848 | D:6      | Reached skill level 3 in Ice Magic
  5033 | D:6      | You pick up a book of Minor Magic and begin reading...
  5033 | D:6      | You add the spells Magic Dart, Call Imp and Mephitic Cloud
                  | to your library.
  5040 | D:6      | You pick up a book of Geomancy and begin reading...
  5040 | D:6      | You add the spells Sandblast, Passwall, Stone Arrow and
                  | Brom's Barrelling Boulder to your library.
  5051 | D:6      | Noticed Dowan
  5166 | D:6      | Noticed Prince Ribbit
  5175 | D:5      | Killed Prince Ribbit
  5176 | D:5      | Reached skill level 3 in Fighting
  5176 | D:5      | Reached skill level 4 in Short Blades
  5176 | D:5      | Reached skill level 5 in Stealth
  5176 | D:5      | Gained mutation: Your touch may inflict irresistible damage
                  | on your foes. [demonic ancestry]
  5176 | D:5      | Reached XP level 8. HP: 39/58 MP: 9/13
  5502 | D:6      | Noticed Duvessa
  5537 | D:7      | Noticed Maurice
  5566 | D:7      | Found an ancient bone altar of Kikubaaqudgha.
  5769 | D:7      | Reached skill level 4 in Ice Magic
  6541 | D:8      | Found a large runed translucent door.
  6541 | D:8      | Found a large runed translucent door.
  6546 | D:8      | Noticed JaaP's ghost (novice AtFi)
  6697 | D:8      | Reached ** piety under Dithmenos
  6698 | D:8      | Reached skill level 4 in Spellcasting
  6700 | D:8      | Reached skill level 6 in Stealth
  6766 | D:8      | Reached skill level 5 in Short Blades
  6805 | D:8      | Reached XP level 9. HP: 61/65 MP: 12/15
  6821 | D:8      | Reached skill level 4 in Fighting
  6906 | D:8      | Reached skill level 5 in Hexes
  6924 | D:8      | Reached skill level 5 in Ice Magic
  7020 | D:8      | You pick up a book of Party Tricks and begin reading...
  7020 | D:8      | You add the spells Apportation and Alistair's Intoxication
                  | to your library.
  7589 | D:9      | Noticed a troll
  7967 | D:9      | Reached *** piety under Dithmenos
  7975 | D:9      | HP: 12/66 [orc warrior/+0 trident (11)]
  7976 | D:9      | HP: 4/66 [orc warrior/+0 trident (8)]
  7977 | D:9      | Slain by an orc warrior

Vanquished Creatures
  Prince Ribbit (D:5)
  A water moccasin (D:5)
  2 orc warriors (D:8)
  A black bear (D:6)
  3 ice beasts (D:7)
  2 ogres
  2 kobold brigands
  A bullfrog (D:8)
  A gnoll sergeant (D:8)
  2 scorpions
  4 wights (D:8)
  11 killer bees
  An electric eel (D:6)
  2 hounds
  2 jellies
  An orc priest (D:6)
  A sleepcap (D:6)
  Jessica (D:2)
  An iguana (D:5)
  5 orc wizards
  13 gnolls
  9 adders
  A shadow imp (D:7)
  2 white imps (D:7)
  2 ufetubi (D:7)
  3 worms
  37 orcs
  6 endoplasms
  6 giant cockroaches
  10 goblins
  10 hobgoblins
  4 jackals (D:4)
  24 kobolds
  2 quokkas (D:1)
  12 ball pythons
  A bat (D:1)
  A frilled lizard (D:1)
  3 rats
191 creatures vanquished.

Vanquished Creatures (others)
  An orc wizard (D:9)
1 creature vanquished.

Grand Total: 192 creatures vanquished

Table legend:
 A = Non-vault XP
 B = Vault XP
 C = Vault XP percentage of total XP
 D = Non-vault monster count
 E = Vault monster count
 F = Vault count percentage of total count
                 A         B        C        D         E       F
            +---------+---------+-------+---------+---------+-------
      Total |    3745 |     396 |   9.6 |     184 |       8 |   4.2
            +---------+---------+-------+---------+---------+-------
        D:1 |      41 |       2 |   4.7 |      24 |       1 |   4.0
        D:2 |      76 |      37 |  32.7 |      14 |       1 |   6.7
        D:3 |      79 |       3 |   3.7 |      22 |       3 |  12.0
        D:4 |     163 |       0 |   0.0 |      24 |       0 |   0.0
        D:5 |     500 |     274 |  35.4 |      18 |       1 |   5.3
        D:6 |     287 |      80 |  21.8 |      12 |       2 |  14.3
        D:7 |     829 |       0 |   0.0 |      21 |       0 |   0.0
        D:8 |    1543 |       0 |   0.0 |      39 |       0 |   0.0
        D:9 |     227 |       0 |   0.0 |      10 |       0 |   0.0
            +---------+---------+-------+---------+---------+-------

Skill      XL: |  1  2  3  4  5  6  7  8  9 |
---------------+----------------------------+-----
Short Blades   | 1 2 3 4 5 |  5.8
Stealth        | 3 4 5 6 |  6.8
Fighting       | 1 2 3 4 |  4.4
Ice Magic      | 1 2 3 4 5 |  5.0
Spellcasting   | 3 4 |  4.5
Hexes          | 4 5 |  5.2
Dodging        | |  1.7

Action                     |  1- 3 |  4- 6 |  7- 9 || total
---------------------------+-------+-------+-------++-------
  Melee: Dagger            |    83 |    78 |       ||   161
         Punch             |       |     1 |     3 ||     4
         Short sword       |       |    49 |   156 ||   205
         Touch             |       |     6 |    22 ||    28
   Cast: Ensorcelled Hiber |     2 |    18 |    21 ||    41
         Confusing Touch   |       |       |     4 ||     4
    Use: Scroll            |     2 |     6 |     9 ||    17
         Potion            |       |       |     1 ||     1
   Stab: Sleeping          |     9 |    28 |    34 ||    71
         Confused          |       |       |     1 ||     1
         Invisible         |       |       |     2 ||     2
 Armour: Robe              |    31 |    61 |    85 ||   177
  Dodge: Dodged            |    36 |    56 |   102 ||   194

Illustrated notes

Table legend:
 A = Kills in this place as a percentage of kills in the entire game.
 B = Kills by you in this place as a percentage of kills by you in the entire game.
 C = Kills by friends in this place as a percentage of kills by friends in the entire game.
 D = Other kills in this place as a percentage of other kills in the entire game.
 E = Experience gained in this place as a percentage of experience gained in the entire game.
 F = Experience gained in this place divided by the number of levels of this place that you have seen.
                   A       B       C       D       E      F
               +-------+-------+-------+-------+-------+----------------------
         Total | 100.0 | 100.0 |   N/A | 100.0 | 100.0 | 414.1
       Dungeon | 100.0 | 100.0 |   N/A | 100.0 | 100.0 | 460.1
               +-------+-------+-------+-------+-------+----------------------

Table legend: (Time is in decaauts)
 A = Elapsed time spent in this place.
 B = Non-inter-level travel time spent in this place.
 C = Inter-level travel time spent in this place.
 D = Time resting spent in this place.
 E = Time spent auto-exploring this place.
 F = Levels seen in this place.
 G = Mean time per level.
                   A        B        C        D        E       F      G
               +--------+--------+--------+--------+--------+-----+--------+
         Total |   7936 |   7691 |    245 |    777 |   5596 |  10 |  793.6 |
       Dungeon |   7896 |   7691 |    205 |    777 |   5596 |   9 |  877.3 |
        Temple |     40 |      1 |     39 |      0 |      0 |   1 |   40.0 |
               +--------+--------+--------+--------+--------+-----+--------+

Top non-repeatable levels by time:
     D:8: 1437 daAuts
     D:4: 1209 daAuts
     D:5: 968 daAuts
     D:1: 933 daAuts
     D:7: 927 daAuts
     D:2: 836 daAuts
     D:3: 800 daAuts
     D:6: 730 daAuts
     D:9: 52 daAuts
  Temple: 40 daAuts
